 Dungeon Crawl Stone Soup version 0.29.1-14-g9c671dbff4 (webtiles) character file.

Game seed: 3651412139428519980

142 Ast3rio the Covered (level 5, -4/47 HPs)
             Began as a Hill Orc Fighter on Feb 16, 2023.
             Slain by Edmund
             ... wielding a +2 dire flail of protection
              (10 damage)
             ... on level 4 of the Dungeon.
             The game lasted 00:05:25 (2185 turns).

Ast3rio the Covered (Hill Orc Fighter)              Turns: 2185, Time: 00:05:26

Health: -4/47      AC:  7    Str: 21    XL:     5   Next: 24%
Magic:  5/5        EV: 10    Int:  8    God:
Gold:   146        SH:  0    Dex: 10    Spells: 4/4 levels left

rFire   . . .      SeeInvis .   a - +0 war axe
rCold   . . .      Faith    .   e - orb {*Rage}
rNeg    . . .      Spirit   .   b - +0 scale mail
rPois   .          Reflect  .   (no helmet)
rElec   .          Harm     .   (no cloak)
rCorr   .          Rampage  .   (no gloves)
Will    .....      Rage     20% (no boots)
Stlth   ..........              (no amulet)
HPRegen 0.15/turn               (no ring)
MPRegen 0.09/turn               (no ring)

@: no status effects
A: no striking features
a: no special abilities


You were on level 4 of the Dungeon.
You visited 1 branch of the dungeon, and saw 4 of its levels.

You collected 146 gold pieces.

Inventory:

Hand Weapons
 a - a +0 war axe (weapon)
Armour
 b - a +0 scale mail (worn)
 c - a +0 buckler
 e - an orb of wrath (worn)
Magical Staves
 k - a staff of earth
Wands
 j - a wand of mindburst (16)
Scrolls
 g - 2 scrolls of identify {unknown}
 h - a scroll of enchant armour {unknown}
 m - a scroll of teleportation {unknown}
Potions
 d - a potion of might
 f - a potion of lignification {unknown}
 i - 2 potions of curing {unknown}
 l - a potion of berserk rage


   Skills:
 + Level 4.4 Fighting
 + Level 4.4 Axes
 + Level 4.4 Armour
 + Level 1.0 Dodging
 + Level 3.6 Shields


You had 4 spell levels left.
You didn't know any spells.
Your spell library contained the following spells:

 Spells                   Type           Power      Damage    Failure   Level
 Passage of Golubria      Tloc           0%         N/A       100%        4
 Silence                  Hex/Air        0%         N/A       100%        5
 Lehudib's Crystal Spear  Conj/Erth      0%         10d2      100%        8


Dungeon Overview and Level Annotations

Branches:
Dungeon (4/15)
 Temple: D:4-7

Altars:
Vehumet
The Shining One

Shops:
D:3 =

Annotations:
D:4 Edmund


Message History

You feel yourself moving faster!
You feel mighty!
You slice the rat!!
You kill the rat!
You feel a strong urge to attack something.
You feel your anger nearly subside.
You are no longer berserk.
You are exhausted.
You feel yourself slow down.
Found a glowing golden altar of the Shining One.
You feel yourself speed up.
You open the door.
There is an open door here.
There is an open door here.
Done exploring.
Done exploring.
You recover from your berserk rage.
You see here a stone.
You see here a +0 dagger.
Items here: ( )) [.
You see here a +0 flail.
You see here 5 stones.
Things that are here:
a +0 whip; 4 poisoned darts
There is a stone staircase leading down here.
You climb downwards.
Edmund shouts!
Found 13 gold pieces.
There is a stone staircase leading up here.
Found a scale mail.
Found a radiant altar of Vehumet.
Edmund drinks a potion.
Edmund goes berserk!
You closely miss Edmund. Edmund closely misses you.
You hit Edmund but do no damage. Edmund misses you.
Edmund hits you with a +2 dire flail of protection!!
You barely miss Edmund. Edmund completely misses you.
Edmund hits you with a +2 dire flail of protection!
* * * LOW HITPOINT WARNING * * *
You hit Edmund but do no damage. Edmund misses you.
Edmund hits you with a +2 dire flail of protection!
* * * LOW HITPOINT WARNING * * *
You hit Edmund but do no damage.
Edmund hits you with a +2 dire flail of protection!
You die...

###.. .. .....
... #.$$#####.#
###.#.......
#.....#...# #
#.........#.#.[
#............._
####...@@......
#....<...#.....
########## ..⌠
.


You could see Edmund (berserk).

Vanquished Creatures
  Natasha (D:3)
  2 adders (D:3)
  4 gnolls (D:3)
  A dart slug (D:1)
  2 orcs (D:3)
  3 bats
  5 endoplasms
  2 giant cockroaches
  4 goblins
  3 hobgoblins (D:1)
  4 jackals (D:1)
  5 kobolds
  4 quokkas
  7 ball pythons
  A frilled lizard (D:3)
  6 rats
54 creatures vanquished.

Notes
Turn   | Place    | Note
-------+----------+-------------------------------------------
     0 | D:1      | Ast3rio the Hill Orc Fighter began the quest for the Orb.
     0 | D:1      | Reached XP level 1. HP: 19/19 MP: 1/1
   313 | D:1      | Reached XP level 2. HP: 20/27 MP: 2/2
   509 | D:1      | Reached XP level 3. HP: 33/33 MP: 3/3
  1044 | D:2      | You fall into a shaft and drop 1 floor!
  1096 | D:3      | Found Deduehob's Jewellery Emporium.
  1226 | D:3      | Reached XP level 4. HP: 40/40 MP: 4/4
  1762 | D:3      | Noticed Natasha
  1767 | D:3      | Killed Natasha
  1768 | D:3      | Reached XP level 5. HP: 47/47 MP: 5/5
  1819 | D:3      | Reached skill level 1 in Dodging
  2040 | D:3      | Found a glowing golden altar of the Shining One.
  2177 | D:4      | Noticed Edmund
  2180 | D:4      | Found a radiant altar of Vehumet.
  2185 | D:4      | Slain by Edmund

Illustrated notes

Levels and vault maps discovered:
D:1:      lightli_arrival_isolated_outpost, layout_rooms
D:2:      layout_basic, dreamdust_ecumenical_altar_statues
D:3:      layout_loops_corners, tso_metal_star, serial_shops,
          nicolae_shop_statue_plus, minmay_misc_feat_chi, minmay_circle_x,
          uniq_natasha
D:4:      layout_basic, mainiacjoe_overflow_alcove_1,
          mainiacjoe_overflow_boulevard, grunt_temple_overflow_open,
          ebering_ghost_sewer_f, nicolae_shop_gadgets, uniq_pikel, uniq_edmund

Skill      XL: |  1  2  3  4  5 |
---------------+----------------+-----
Axes           | 3 4 |  4.4
Fighting       | 4 |  4.4
Armour         | 4 |  4.4
Dodging        | 1 |  1.0
Shields        | |  3.6

Action                   |  1- 3 |  4- 6 || total
-------------------------+-------+-------++-------
Melee: War axe           |    74 |    54 ||   128
Armor: Scale mail        |    49 |    29 ||    78
Dodge: Dodged            |    50 |    37 ||    87
Block: Buckler           |    10 |       ||    10
